 Dungeon Crawl Stone Soup version 0.27.1-33-g824d729ab1 (webtiles) character file.

Game seed: 16539714418368134179

32 alasdair19 the Skirmisher (level 3, -3/36 HPs)
             Began as a Troll Fighter on Nov 25, 2021.
             Slain by a gnoll (9 damage)
             ... on level 3 of the Dungeon.
             The game lasted 00:12:59 (1253 turns).

alasdair19 the Skirmisher (Troll Fighter)           Turns: 1253, Time: 00:13:00

Health: -3/36      AC:  2    Str: 24    XL:     3   Next: 8%
Magic:  2/2        EV:  8    Int:  5    God:
Gold:   50         SH:  8    Dex:  9    Spells: 2/2 levels left

rFire    . . .     SeeInvis .   a - +0 trident
rCold    . . .     Faith    .   c - +0 kite shield
rNeg     . . .     Spirit   .   (armour restricted)
rPois    .         Reflect  .   (helmet restricted)
rElec    .         Harm     .   (no cloak)
rCorr    .         Rampage  .   (gloves unavailable)
Will     .....                  (boots unavailable)
Stlth    +.........             (no amulet)
HPRegen  1.12/turn              (no ring)
MPRegen  0.08/turn              (no ring)

@: no status effects
A: large, unfitting armour, claws 3, regeneration 1, shaggy fur 1, tough skin 1
a: no special abilities


You were on level 3 of the Dungeon.
You visited 1 branch of the dungeon, and saw 3 of its levels.

You collected 50 gold pieces.

Inventory:

Hand Weapons
 a - a +0 trident (weapon)
 e - a +1 dagger of holy wrath
 i - a +0 dagger
 l - a +0 short sword
 o - a +0 hunting sling
Armour
 c - a +0 kite shield (worn)
 g - a +0 robe
Scrolls
 f - a scroll of teleportation {unknown}
 h - a scroll of vulnerability {unknown}
 j - 2 scrolls of identify {unknown}
 k - a scroll of noise {unknown}
 n - a scroll of immolation {unknown}
 p - a scroll of amnesia {unknown}
Potions
 b - a potion of invisibility {unknown}
 d - a potion of might
 m - a potion of curing {unknown}


   Skills:
 + Level 2.8 Fighting
 + Level 1.8 Polearms
 + Level 2.6 Dodging
 + Level 2.8 Shields


You had 2 spell levels left.
You didn't know any spells.
Your spell library was empty.

Dungeon Overview and Level Annotations

Branches:
Dungeon (3/15)

Altars:

Shops:
D:1 !


Innate Abilities, Weirdness & Mutations

You are too large for most types of armour.
You have claws for hands.
Your natural rate of healing is unusually fast.
You are covered in fur. (AC +1)
You have tough skin. (AC +1)


Message History

You kill the gnoll!
You block the gnoll's attack.
You have reached level 3!
Your experience leads to an increase in your attributes!
Increase (S)trength, (I)ntelligence, or (D)exterity?
Welcome back, alasdair19 the Troll Fighter.
Press ? for a list of commands and other information.
You have reached level 3!
Your experience leads to an increase in your attributes!
Increase (S)trength, (I)ntelligence, or (D)exterity?
Welcome back, alasdair19 the Troll Fighter.
Press ? for a list of commands and other information.
You have reached level 3!
Your experience leads to an increase in your attributes!
Increase (S)trength, (I)ntelligence, or (D)exterity?
Welcome back, alasdair19 the Troll Fighter.
Press ? for a list of commands and other information.
You have reached level 3!
Your experience leads to an increase in your attributes!
Increase (S)trength, (I)ntelligence, or (D)exterity?
Welcome back, alasdair19 the Troll Fighter.
Press ? for a list of commands and other information.
You have reached level 3!
Your experience leads to an increase in your attributes!
Increase (S)trength, (I)ntelligence, or (D)exterity?
Uppercase letters only, please.
Uppercase letters only, please.
Welcome back, alasdair19 the Troll Fighter.
Press ? for a list of commands and other information.
You have reached level 3!
Your experience leads to an increase in your attributes!
Increase (S)trength, (I)ntelligence, or (D)exterity?
You feel clever.
You feel stronger. The gnoll hits you with a +0 halberd!
* * * LOW HITPOINT WARNING * * *
You see here a +0 flail.
You puncture the gnoll!
The gnoll is severely wounded.
The gnoll barely misses you. The gnoll hits you with a +0 halberd!
You die...

#.# #.# #.#
#.# #.# #.#
#)# ##.##
#.@.# #..g..#
...........
####......###
##...#.#
...#...
........
###.......


You could see a gnoll.

Vanquished Creatures
  A gnoll (D:3)
  A worm (D:3)
  An orc (D:3)
  2 ball pythons
  2 endoplasms
  2 goblins (D:1)
  4 hobgoblins
  A bat (D:3)
  A kobold (D:1)
  3 rats
18 creatures vanquished.

Notes
Turn   | Place    | Note
-------+----------+-------------------------------------------
     0 | D:1      | alasdair19 the Troll Fighter began the quest for the Orb.
     0 | D:1      | Reached XP level 1. HP: 22/22 MP: 0/0
   271 | D:1      | Found Vuabitt's Distillery.
   528 | D:1      | Reached XP level 2. HP: 29/29 MP: 1/1
   691 | D:1      | Found a faded altar of an unknown god.
  1252 | D:3      | Reached XP level 3. HP: 18/36 MP: 2/2
  1253 | D:3      | Slain by a gnoll

Illustrated notes

Levels and vault maps discovered:
D:1:      ebering_hopf_link, layout_rooms, serial_rivers,
          chequers_serial_rivers_small_a, chequers_serial_rivers_room_b,
          chequers_serial_rivers_micro_e, chequers_serial_rivers_micro_e,
          chequers_serial_rivers_room_a, ebering_ecumenical_altar_sacrificial,
          serial_shops, nicolae_shop_stone
D:2:      layout_loops_ring, uniq_robin
D:3:      layout_loops_ring, minmay_misc_feat_diagonals, minmay_misc_feat_rows

Action                   || total
-------------------------++-------
Melee: Trident           ||    45
Armor: Robe              ||     4
       Skin              ||     5
Dodge: Dodged            ||    13
Block: Kite shield       ||    23
